 Dungeon Crawl Stone Soup version 0.28.0 (webtiles) character file.

Game seed: 6702784304750063348

412 HallandMoats the Ruffian (level 6, 0/56 HPs)
             Began as a Ghoul Monk on Feb 12, 2022.
             Was an Initiate of Gozag.
             Slain by a hound (2 damage)
             ... on level 4 of the Dungeon.
             The game lasted 00:03:23 (3408 turns).

HallandMoats the Ruffian (Ghoul Monk)               Turns: 3408, Time: 00:03:24

Health: 0/56       AC: 11    Str: 21    XL:     6   Next: 90%
Magic:  6/6        EV: 10    Int:  5    God:    Gozag
Gold:   311        SH:  0    Dex: 13    Spells: 5/5 levels left

rFire   + + .      SeeInvis .     - Unarmed
rCold   . . .      Faith    .   (no shield)
rNeg    + + +      Spirit   .   g - +0 fire dragon scales
rPois   ∞          Reflect  .   k - +1 helmet
rElec   .          Harm     .   j - +0 cloak
rCorr   .          Rampage  .   (no gloves)
Will    .....                   (no boots)
Stlth   ..........              (no amulet)
HPRegen 0.00/turn               d - +6 ring of strength
MPRegen 0.10/turn               (no ring)

@: inhibited regen, hasted, very quick
A: claws 1, cold resistance 1, negative energy resistance 3, inhibited
regeneration, torment resistance 2
a: Renounce Religion, Potion Petition, Call Merchant, Bribe Branch


You were on level 4 of the Dungeon.
You worshipped Gozag.
Gozag was aware of your devotion.
You visited 1 branch of the dungeon, and saw 4 of its levels.

You collected 426 gold pieces.
You spent 115 gold pieces at shops.

Inventory:

Hand Weapons
 p - the +11 long sword "Qosaish" {vorpal, Int+3}
   (You found it on level 4 of the Dungeon)

   It inflicts extra damage upon your enemies.
   Int:       It affects your intelligence (+3).
Armour
 g - +0 fire dragon scales (worn)
 j - a +0 cloak (worn)
 k - a +1 helmet (worn)
Jewellery
 d - a +6 ring of strength (left claw)
Wands
 n - a wand of charming (10)
Scrolls
 a - a scroll of fear {unknown}
 e - 2 scrolls of teleportation {unknown}
 f - 2 scrolls of identify {unknown}
 i - a scroll of fog {unknown}
 l - a scroll of immolation {unknown}
 m - a scroll of enchant armour {unknown}
Potions
 b - a potion of haste
 c - 2 potions of attraction {unknown}
 h - a potion of flight {unknown}
 o - a potion of mutation {unknown}


   Skills:
 * Level 5.1 Fighting
 + Level 2.0 Armour
 + Level 3.6 Dodging
 - Level 2.1 Stealth
 * Level 5.3 Unarmed Combat
 + Level 2.2 Invocations


You had 5 spell levels left.
You didn't know any spells.
Your spell library contained the following spells:

 Spells                   Type           Power      Damage    Failure   Level
 Blink                    Tloc           0%         N/A       95%         2
 Ozocubu's Armour         Ice            0%         N/A       99%         3
 Manifold Assault         Tloc           0%         N/A       100%        5
 Metabolic Englaciation   Hex/Ice        0%         N/A       100%        5
 Simulacrum               Ice/Necr       0%         N/A       100%        6
 Storm Form               Tmut/Air       Unusable   N/A       N/A         7

Dungeon Overview and Level Annotations

Branches:
Dungeon (4/15)
 Temple: D:4-7

Altars:
Gozag
Yredelemnul
The Shining One

Shops:
D:3 [

Annotations:
D:3 1 runed translucent door


Innate Abilities, Weirdness & Mutations

You thrive by killing the living.
You are immune to poison.
You have sharp fingernails.
Your flesh is cold resistant. (rC+)
You are immune to negative energy. (rN+++)
You do not regenerate when monsters are visible.
You are immune to unholy pain and torment.


Message History

The orc closely misses you. The hound bites you but does no damage.
You scratch the orc priest.
The orc priest is lightly wounded.
The orc hits you but does no damage. The hound bites you.
The orc priest barely misses you. The orc barely misses you.
You closely miss the orc priest.
The orc priest is lightly wounded.
The hound bites you but does no damage. The orc barely misses you.
The orc priest invokes the aid of Beogh against you.
Beogh smites you! The orc hits you but does no damage.
The hound bites you but does no damage.
You scratch the orc priest. You claw the orc priest.
The orc priest is severely wounded.
The orc hits you but does no damage. The hound misses you.
The orc priest closely misses you. The orc hits you with a +0 short sword.
You barely miss the orc priest.
The orc priest is severely wounded.
The hound bites you but does no damage. The orc hits you with a +0 hand axe.
The orc priest invokes the aid of Beogh against you.
Beogh smites you!
* * * LOW HITPOINT WARNING * * *
The orc barely misses you. The hound barely misses you.
The hound bites you but does no damage. The ufetubus hits you.
* * * LOW HITPOINT WARNING * * *
The ufetubus barely misses you. The hound bites you but does no damage.
The hound pauses to sniff the ground.
The hound bites you but does no damage.
The orc priest invokes the aid of Beogh against you.
Beogh smites you!
* * * LOW HITPOINT WARNING * * *
The hound bites you but does no damage.
Okay, then.
Okay, then.
Okay, then.
It was a potion of haste.
You feel yourself speed up. The hound bites you but does no damage.
The hound bites you.
You die...
Your body crumbles into a pile of gold.

........##...#....#
........###.......# .......##
##.#....####### ...##..#
#####....#...# . ..##..##
#......o..## ###.. ...##..#
##.##.o#..?###..... .......#
###..#...#...o....... ..#..#..#
###.....5.###.......##.
....##..###.....@h..o.o....##....
.....##..........o#..##....# ...#
..##.#.......<....#..#####.# ..#
.........#........##... .... ..#
........###...###....... ..... ..
.##...#.####.. ...............#.
..#...#....#. .......... ....
............. ..........
............


You could see a hound, an orc priest, 4 orcs and an ufetubus.

Vanquished Creatures
  A necrophage (D:4)
  A scorpion (D:3)
  Crazy Yiuf (D:2)
  A human zombie (D:3)
  An orc priest (D:3)
  Natasha (thrice) (D:3)
  A howler monkey zombie (D:3)
  2 adders
  A gnoll (D:1)
  An adder skeleton (D:4)
  2 dart slugs
  4 orcs (D:3)
  7 endoplasms
  A giant cockroach (D:1)
  5 goblins
  5 hobgoblins
  3 quokkas
  7 ball pythons
  A bat (D:3)
  4 frilled lizards
  6 kobolds
  5 rats
63 creatures vanquished.

Notes
Turn   | Place    | Note
-------+----------+-------------------------------------------
     0 | D:1      | HallandMoats the Ghoul Monk began the quest for the Orb.
     0 | D:1      | Reached XP level 1. HP: 19/19 MP: 0/0
   202 | D:1      | Reached XP level 2. HP: 25/26 MP: 1/1
   206 | D:1      | Found a faded altar of an unknown god.
   254 | D:1      | Prayed at the altar of an unknown god.
   254 | D:1      | Became a worshipper of Gozag Ym Sagoz the Greedy
   613 | D:1      | Reached XP level 3. HP: 30/31 MP: 2/2
  1611 | D:2      | Found a runed translucent door.
  1612 | D:2      | Noticed Crazy Yiuf
  2070 | D:2      | Killed Crazy Yiuf
  2071 | D:2      | Reached skill level 1 in Armour
  2071 | D:2      | Reached skill level 1 in Invocations
  2071 | D:2      | Reached XP level 4. HP: 23/40 MP: 3/3
  2301 | D:3      | Reached XP level 5. HP: 35/46 MP: 4/4
  2572 | D:3      | Found Mohouloi's Armour Shoppe.
  2577 | D:3      | Bought a +1 helmet for 115 gold pieces
  2683 | D:3      | Noticed Natasha
  2688 | D:3      | Killed Natasha
  2695 | D:3      | Reached XP level 6. HP: 42/53 MP: 6/6
  2836 | D:3      | Found a runed translucent door.
  2836 | D:3      | Noticed a human
  2839 | D:3      | Found a basalt altar of Yredelemnul.
  2985 | D:3      | Noticed Natasha
  2996 | D:3      | Killed Natasha
  2997 | D:3      | Reached skill level 5 in Unarmed Combat
  3075 | D:3      | Noticed Natasha
  3085 | D:3      | Killed Natasha
  3249 | D:4      | Noticed a necrophage
  3258 | D:4      | Killed a necrophage
  3259 | D:4      | Reached skill level 5 in Fighting
  3303 | D:4      | Identified the +11 long sword "Qosaish" {vorpal, Int+3}
  3405 | D:4      | HP: 2/56 [orc priest/divine providence (11)]
  3408 | D:4      | Slain by a hound

Illustrated notes

Levels and vault maps discovered:
D:1:      psy_arrival_radial02, layout_basic, hellmonk_ecumenical_altar_lost_god
D:2:      layout_basic, uniq_crazy_yiuf_cottage
D:3:      layout_loops_ring, nicolae_tso_swordbearing_angel,
          dk_yredelemnul_ordeal, serial_shops, shop, minmay_surrounded,
          uniq_natasha
D:4:      layout_cave_pools, roderic_lattice_a, hangedman_decor_peaks_small,
          serial_park_tiny_2

Skill      XL: |  1  2  3  4  5  6 |
---------------+-------------------+-----
Dodging        | 3 |  3.6
Unarmed Combat | 4 5 |  5.3
Fighting       | 4 5 |  5.1
Armour         | 1 2 |  2.0
Invocations    | 1 2 |  2.2
Stealth        | |  2.1

Action                   |  1- 3 |  4- 6 || total
-------------------------+-------+-------++-------
Melee: Unarmed           |   113 |   128 ||   241
       Punch             |     3 |     7 ||    10
  Use: Potion            |       |     1 ||     1
 Stab: Sleeping          |     1 |       ||     1
Armor: Robe              |     3 |       ||     3
       Ring mail         |    21 |       ||    21
       Fire dragon scale |     6 |    52 ||    58
Dodge: Dodged            |    45 |    56 ||   101
